 Dungeon Crawl Stone Soup version 0.20.1-1-g8b1a95d (webtiles) character file.

144 Peloso the Skirmisher (level 5, 0/41 HPs)
             Began as a Demonspawn Fighter on Oct 24, 2017.
             Slain by a river rat (4 damage)
             ... in a sewer.
             The game lasted 00:05:31 (2012 turns).

Peloso the Skirmisher (Demonspawn Fighter)          Turns: 2012, Time: 00:05:32

Health: 0/41       AC:  6    Str: 17    XL:     5   Next: 5%
Magic:  5/5        EV:  7    Int: 10    God:
Gold:   106        SH: 13    Dex: 12    Spells: 4/4 levels left

rFire    . . .     SeeInvis .   a - +1 long sword
rCold    . . .     Gourm    .   c - +0 shield
rNeg     . . .     Faith    .   b - +0 scale mail
rPois    .         Spirit   .   (no helmet)
rElec    .         Reflect  .   (no cloak)
rCorr    .         Harm     .   (no gloves)
MR       .....                  (no boots)
Stlth    +.........             (no amulet)
Regen    0.2/turn               n - ring of flight
MPRegen  0.1/turn               j - ring of wizardry

@: no status effects
A: large bone plates 1, nightstalker 1
a: Evoke Flight


You were in a sewer.
You were not hungry.

You visited 1 branch of the dungeon, and saw 3 of its levels.
You also visited: Sewer.

You collected 106 gold pieces.

Inventory:

Hand Weapons
 a - a +1 long sword (weapon)
Armour
 b - a +0 scale mail (worn)
 c - a +0 shield (worn)
 l - a +0 plate armour
Jewellery
 j - a ring of wizardry (right hand)
 n - a ring of flight (left hand)
Wands
 m - a wand of disintegration (5/24)
Scrolls
 i - a scroll of teleportation
 q - a scroll of identify
 s - a scroll of amnesia
 t - a scroll of enchant armour {unknown}
Potions
 g - a potion of brilliance {unknown}
 k - a potion of lignification {unknown}
 o - a potion of haste {unknown}
 r - a potion of agility {unknown}
Books
 e - a book of Minor Magic

   Spells                             Type                      Level
   a - Magic Dart                     Conjuration                  1
   b - Blink                          Translocation                2
   c - Call Imp                       Summoning                    2
   d - Slow                           Hexes                        2
   e - Conjure Flame                  Conjuration/Fire             3
   f - Mephitic Cloud                 Conjuration/Poison/Air       3
 u - a book of Changes

   Spells                             Type                      Level
   a - Beastly Appendage              Transmutation                1
   b - Sticks to Snakes               Transmutation                2
   c - Spider Form                    Transmutation/Poison         3
   d - Ice Form                       Ice/Transmutation            4
   e - Blade Hands                    Transmutation                5
Comestibles
 f - 3 bread rations
 h - 2 meat rations
 p - a royal jelly
 v - 5 chunks of flesh


   Skills:
 + Level 3.5 Fighting
 + Level 2.8 Long Blades
 + Level 3.3 Armour
 + Level 1.0 Dodging
 + Level 0.2 Stealth
 + Level 3.5 Shields


You had 4 spell levels left.
You didn't know any spells.

Dungeon Overview and Level Annotations

Branches:
Dungeon (3/15)

Altars:


Innate Abilities, Weirdness & Mutations

You are partially covered in large bone plates. (SH +4)
You are slightly more attuned to the shadows.


Message History

You see here a rat corpse.
The river rat bites you but does no damage.
You barely miss the river rat. The river rat bites you!
* * * LOW HITPOINT WARNING * * *
You block the river rat's attack.
You hit the river rat.
The river rat is heavily wounded.
The river rat bites you.
* * * LOW HITPOINT WARNING * * *
Your shield and scale mail prevent you from hitting the river rat.
The river rat is heavily wounded.
You block the river rat's attack. x2
You hit the river rat.
The river rat is almost dead.
The river rat bites you.
* * * LOW HITPOINT WARNING * * *
You hit the river rat but do no damage.
The river rat is almost dead.
The river rat bites you.
You die... ################ ≈≈≈...†.@rr∩...r ################

You could see a river rat and a rat.

Vanquished Creatures
  Terence (D:3)
  The ghost of letownia the Grave Robber, a weakling DDNe (D:3)
  3 adders
  2 oozes
  2 worms
  A dart slug (D:2)
  2 leopard geckos
  A ball python (D:1)
  7 giant cockroaches
  8 goblins
  3 hobgoblins
  10 bats
  2 frilled lizards (D:2)
  11 kobolds
  9 rats
63 creatures vanquished.

Notes
Turn   | Place    | Note
-------+----------+-------------------------------------------
     0 | D:1      | Peloso the Demonspawn Fighter began the quest for the Orb.
     0 | D:1      | Reached XP level 1. HP: 18/18 MP: 1/1
    72 | D:1      | Gained mutation: You are slightly more attuned to the shadows. [demonic ancestry]
    72 | D:1      | Reached XP level 2. HP: 22/24 MP: 2/2
   468 | D:1      | Reached XP level 3. HP: 26/29 MP: 3/3
  1648 | D:2      | Reached XP level 4. HP: 34/35 MP: 4/4
  1899 | D:3      | Noticed Terence
  1907 | D:3      | Reached skill level 1 in Dodging
  1918 | D:3      | Killed Terence
  1946 | D:3      | Found a glowing drain.
  1946 | D:3      | Noticed letownia's ghost (weakling DDNe)
  1971 | D:3      | Killed letownia's ghost
  1971 | D:3      | Gained mutation: You are partially covered in large bone plates. (SH +4) [demonic ancestry]
  1971 | D:3      | Reached XP level 5. HP: 22/41 MP: 5/5
  1999 | Sewer    | Entered a sewer
  2012 | Sewer    | Slain by a river rat

Skill      XL: |  1  2  3  4 |
---------------+-------------+-----
Shields        | 3 |  3.5
Long Blades    | 2 |  2.8
Armour         | 3 |  3.3
Dodging        | 1 |  1.0
Fighting       | |  3.5
Stealth        | |  0.2

Action                   |  1- 3 |  4- 6 || total
-------------------------+-------+-------++-------
Melee: Long sword        |   166 |    87 ||   253
  Use: Scroll            |     2 |     5 ||     7
       Potion            |     1 |     1 ||     2
  Eat: Chunk             |     2 |     2 ||     4
Armor: Scale mail        |    84 |    39 ||   123
Dodge: Dodged            |    61 |    18 ||    79
Block: Shield            |    99 |    50 ||   149
       Rpst.: Long sword |    26 |     6 ||    32
